 Dungeon Crawl Stone Soup version 0.26-a0-1197-gd68fa41eda (webtiles) character file.

Game seed: 2577223681630210154

1393 BuffBuff the Cudgeller (level 8, -5/52 HPs)
             Began as a Gargoyle Fighter on Dec 28, 2020.
             Slain by an orc warrior
             ... wielding a +0 glaive
              (21 damage)
             ... on level 7 of the Dungeon.
             The game lasted 00:23:33 (6157 turns).

BuffBuff the Cudgeller (Gargoyle Fighter)           Turns: 6157, Time: 00:23:34

Health: -5/52      AC: 15    Str: 22    XL:     8   Next: 68%
Magic:  8/8        EV: 12    Int:  9    God:
Gold:   493        SH: 11    Dex:  9    Spells: 7/7 levels left

rFire    + . .     SeeInvis .   a - +1 flail
rCold    . . .     Faith    .   c - +1 kite shield
rNeg     + . .     Spirit   .   b - +0 scale mail
rPois    ∞         Reflect  .   w - +0 helmet
rElec    +         Harm     .   B - +0 cloak
rCorr    .         Rampage  .   r - +0 pair of gloves
Will     .....                  (no boots)
Stlth    ..........             (no amulet)
HPRegen  0.17/turn              D - ring of protection from fire (curse)
MPRegen  0.11/turn              g - +4 ring of evasion

@: no status effects
A: negative energy resistance 1, electricity resistance, unbreathing,
petrification resistance, miasma immunity, AC +5
a: no special abilities


You were on level 7 of the Dungeon.
You visited 1 branch of the dungeon, and saw 7 of its levels.
You also visited: Sewer.

You collected 493 gold pieces.

Inventory:

Hand Weapons
 a - a +1 flail (weapon)
Missiles
 h - 4 atropa-tipped darts
 j - 10 poisoned darts (quivered)
Armour
 b - a +0 scale mail (worn)
 c - a +1 kite shield (worn)
 r - a +0 pair of gloves (worn)
 w - a +0 helmet (worn)
 B - a +0 cloak (worn)
Jewellery
 g - a +4 ring of evasion (right hand)
 x - an uncursed ring of see invisible
 C - an uncursed ring of protection from cold
 D - a cursed ring of protection from fire (left hand)
Wands
 A - a wand of acid (7)
Scrolls
 d - 2 scrolls of amnesia {unknown}
 e - 2 scrolls of remove curse
 f - 2 scrolls of fear
 n - 4 scrolls of teleportation
 o - 7 scrolls of identify
 y - a scroll of magic mapping
Potions
 i - 2 potions of brilliance
 k - 4 potions of curing
 l - a potion of lignification
 m - 2 potions of invisibility
 q - 3 potions of flight {unknown}
 s - a potion of heal wounds {unknown}
 t - a potion of berserk rage
 u - a potion of resistance {unknown}
 z - 3 potions of attraction {unknown}
 E - a potion of magic {unknown}


   Skills:
 + Level 6.5 Fighting
 * Level 7.6 Maces & Flails
 - Level 3.2 Armour
 + Level 6.5 Shields


You had 7 spell levels left.
You didn't know any spells.
Your spell library contained the following spells:

 Spells                   Type           Power        Failure   Level
 Animate Skeleton         Necr           0%           97%         1
 Pain                     Necr           0%           97%         1
 Vampiric Draining        Necr           0%           100%        3
 Animate Dead             Necr           0%           100%        4
 Agony                    Necr           0%           100%        5
 Sublimation of Blood     Necr           Unusable     N/A         2

Dungeon Overview and Level Annotations

Branches:
Dungeon (7/15)             Temple (0/1) D:7           Sewer (visited)

Altars:
Cheibriados
Gozag
Ru
Sif Muna
Trog
Uskayaw
Xom
Yredelemnul

Annotations:
D:3 3 runed translucent doors, DungeonDestroyer's ghost, amateur GnAK


Innate Abilities, Weirdness & Mutations

You are resistant to torment.
Your stone body is resilient. (AC +5)
You are immune to poison.
You resist negative energy. (rN+)
You are resistant to electric shocks. (rElec)
You can survive without breathing.
You are immune to petrification.
You are immune to miasma.


Message History

You sock the bullfrog skeleton!
The bullfrog skeleton is moderately damaged.
You block the bullfrog skeleton's attack.
The bullfrog skeleton hits you but does no damage.
You thump the bullfrog skeleton!
The bullfrog skeleton is almost destroyed.
The orc warrior hits you from afar with a +0 glaive.
A leopard gecko comes into view.
The bullfrog skeleton completely misses you.
The leopard gecko hisses angrily.
You hit the bullfrog skeleton.
You destroy the bullfrog skeleton!
An adder skeleton comes into view.
The orc warrior misses you.
The orc warrior hits you with a +0 glaive!
You see here a +0 leather armour.
You barely miss the orc warrior. You closely miss the orc warrior.
The orc warrior barely misses you.
The orc warrior hits you from afar with a +0 glaive!!
You die...

******###* *#....,,**,,,,,
#..**#.....*,**,,,,,
#..##(....#,***,,,,,
#........#,,**,,,,,,
#........,,,*,,,,,,,
**#####..)..#*,,,,,,,,,**,
*,.......o.#**,,#*,,,,****
**#.###..[###...#*,,,,,***
*,*#..)@.....#*,,,,,,,** ***
*,#............,,,,,*,,, *,**
*,#....l###....,,,,,,,,,
*,,***,###....,,,...,,,,,,,,,
**,,*,,*,.$...,,,,..,,,,,,,,,
***,,,,,,.......,,,,.,,,,**,,,
*,,,,,,,..#.....,,,,,,,,,**,,,
***,,,,..##:.....,,,,,,,,,,,,,
**,,,,,,,,,,,,,,,,,,,,,,,,,,


You could see an orc warrior and a leopard gecko.

Vanquished Creatures
  Duvessa (D:6)
  A black bear (D:6)
  Purgy (Sewer)
  An ogre (D:7)
  2 centaurs (D:6)
  Dowan (D:6)
  4 wights (D:6)
  A hound (D:3)
  A jelly (D:6)
  Crazy Yiuf (D:2)
  A centaur skeleton (D:4)
  3 orc priests
  3 orc wizards
  A bullfrog skeleton (D:7)
  Jessica (D:3)
  2 worker ants (D:6)
  A hound skeleton (D:6)
  A howler monkey skeleton (D:5)
  13 adders
  An ooze (D:4)
  An ufetubus (D:6)
  2 worms (D:2)
  2 dart slugs
  2 leopard geckos (D:3)
  13 orcs
  4 ball pythons
  13 bats
  4 giant cockroaches
  9 goblins
  2 hobgoblins
  4 jackals
  2 quokkas
  8 frilled lizards
  A jackal skeleton (D:5)
  7 kobolds
  A quokka skeleton (D:5)
  6 rats
122 creatures vanquished.

Notes
Turn   | Place    | Note
-------+----------+-------------------------------------------
     0 | D:1      | BuffBuff the Gargoyle Fighter began the quest for the Orb.
     0 | D:1      | Reached XP level 1. HP: 14/14 MP: 1/1
   367 | D:1      | Reached XP level 2. HP: 19/19 MP: 2/2
   986 | D:2      | Reached XP level 3. HP: 14/23 MP: 3/3
  1105 | D:2      | Reached skill level 3 in Maces & Flails
  1187 | D:2      | Reached XP level 4. HP: 16/29 MP: 4/4
  1657 | D:2      | Found a runed translucent door.
  1658 | D:2      | Noticed Crazy Yiuf
  2021 | D:2      | Killed Crazy Yiuf
  2022 | D:2      | Reached XP level 5. HP: 28/33 MP: 5/5
  2096 | D:3      | Found a sacrificial altar of Ru.
  2144 | D:3      | Found a runed translucent gate.
  2157 | D:3      | Reached skill level 4 in Maces & Flails
  2222 | D:3      | Found an opulent altar of Gozag.
  2223 | D:3      | Found a shimmering altar of Xom.
  2223 | D:3      | Found a hide-covered altar of Uskayaw.
  2229 | D:3      | Found a snail-covered altar of Cheibriados.
  2359 | D:3      | Found a glowing drain.
  2363 | Sewer    | Entered a sewer
  2413 | Sewer    | Noticed Purgy
  2428 | Sewer    | Killed Purgy
  2429 | Sewer    | Reached XP level 6. HP: 10/39 MP: 6/6
  2790 | D:3      | Found a runed translucent gate.
  2790 | D:3      | Found a runed translucent gate.
  2790 | D:3      | Noticed DungeonDestroyer's ghost (amateur GnAK)
  3041 | D:3      | Noticed Jessica
  3047 | D:3      | Killed Jessica
  3048 | D:3      | Reached skill level 5 in Maces & Flails
  3559 | D:4      | Reached skill level 5 in Fighting
  3559 | D:4      | Reached skill level 5 in Shields
  3559 | D:4      | Reached XP level 7. HP: 44/44 MP: 7/7
  3876 | D:4      | Found a basalt altar of Yredelemnul.
  3984 | D:5      | Entered Level 5 of the Dungeon
  4778 | D:6      | Found a sacrificial altar of Ru.
  5050 | D:6      | Reached skill level 6 in Maces & Flails
  5197 | D:6      | Reached XP level 8. HP: 51/51 MP: 8/8
  5602 | D:6      | Reached skill level 7 in Maces & Flails
  5694 | D:6      | Found a shimmering blue altar of Sif Muna.
  5694 | D:6      | Noticed Dowan
  5708 | D:6      | Killed Dowan
  5731 | D:6      | Identified Sif Muna's Guide on Stolen Souls
  5737 | D:6      | Found a bloodstained altar of Trog.
  5737 | D:6      | Noticed Duvessa
  5760 | D:6      | Killed Duvessa
  6157 | D:7      | Slain by an orc warrior

Illustrated notes

Levels and vault maps discovered:
D:1:      ncdulo_lavacross, layout_basic
D:2:      layout_basic, minmay_liquid_box, uniq_crazy_yiuf_cottage
D:3:      layout_loops_ring, nicolae_overflow_hidden_temple,
          grunt_temple_overflow_cloverleaf, gup_sewer_entry_bowl,
          ebering_ghost_rock_garden, minmay_ruptured, uniq_jessica
D:4:      layout_basic, kennysheep_mini_moat
D:5:      layout_basic
D:6:      layout_cave_pools, nzn_overflow_gifts_of_might_and_magic,
          nicolae_ru_awakened_eye
D:7:      layout_layer_cave, temple_doors_ab, enter_bailey_3

Skill      XL: |  1  2  3  4  5  6  7  8 |
---------------+-------------------------+-----
Maces & Flails | 3 4 5 6 7 |  7.6
Fighting       | 4 5 6 |  6.5
Shields        | 4 5 6 |  6.5
Armour         | |  3.2

Action                   |  1- 3 |  4- 6 |  7- 9 || total
-------------------------+-------+-------+-------++-------
Melee: Flail             |   132 |   222 |   164 ||   518
  Use: Potion            |       |     2 |     1 ||     3
       Scroll            |       |    12 |     3 ||    15
Armor: Scale mail        |   106 |   138 |    77 ||   321
Dodge: Dodged            |    73 |    95 |    51 ||   219
Block: Kite shield       |    97 |   131 |   108 ||   336

Table legend: (Time is in decaauts)
 A = Elapsed time spent in this place.
 B = Non-inter-level travel time spent in this place.
 C = Inter-level travel time spent in this place.
 D = Time resting spent in this place.
 E = Time spent auto-exploring this place.
 F = Levels seen in this place.
 G = Mean time per level.
                   A        B        C        D        E       F      G
               +--------+--------+--------+--------+--------+-----+--------+
         Total |   6298 |   6078 |    220 |   1218 |   3149 |   8 |  787.2 |
       Dungeon |   5956 |   5736 |    220 |    997 |   3149 |   7 |  850.9 |
         Sewer |    341 |    341 |      0 |    221 |      0 |   1 |  341.0 |
               +--------+--------+--------+--------+--------+-----+--------+

Top non-repeatable levels by time:
     D:6: 1373 daAuts
     D:1: 1098 daAuts
     D:3: 1073 daAuts
     D:2: 1063 daAuts
     D:5: 784 daAuts
     D:4: 531 daAuts
   Sewer: 341 daAuts
     D:7: 31 daAuts
